 Dungeon Crawl Stone Soup version 0.29.1-12-g30fa7ad0bf (webtiles) character file.

Game seed: 1326733702386930290

65 eddybrass the Ruffian (level 4, -4/37 HPs)
             Began as a Ghoul Gladiator on Dec 14, 2022.
             Slain by an ogre
             ... wielding a +0 giant club
              (31 damage)
             ... on level 4 of the Dungeon.
             The game lasted 00:07:53 (2671 turns).

eddybrass the Ruffian (Ghoul Gladiator)             Turns: 2671, Time: 00:07:54

Health: -4/37      AC:  4    Str: 19    XL:     4   Next: 14%
Magic:  3/3        EV: 12    Int:  3    God:
Gold:   197        SH:  0    Dex: 10    Spells: 3/3 levels left

rFire   . . .      SeeInvis .     - Unarmed
rCold   + . .      Faith    .   (no shield)
rNeg    + + +      Spirit   .   a - +0 leather armour
rPois   ∞          Reflect  .   b - +0 helmet
rElec   .          Harm     .   (no cloak)
rCorr   .          Rampage  .   (no gloves)
Will    .....                   (no boots)
Stlth   +.........              (no amulet)
HPRegen 0.00/turn               (no ring)
MPRegen 0.08/turn               (no ring)

@: inhibited regen
A: claws 1, cold resistance 1, negative energy resistance 3, inhibited
regeneration, torment resistance 2, devour on kill
a: no special abilities


You were on level 4 of the Dungeon.
You visited 1 branch of the dungeon, and saw 4 of its levels.

You collected 197 gold pieces.

Inventory:

Missiles
 c - 3 throwing nets (quivered)
 d - a javelin
Armour
 a - a +0 leather armour (worn)
 b - a +0 helmet (worn)
Magical Staves
 j - a staff of earth
Jewellery
 f - an amulet of reflection
Scrolls
 e - 3 scrolls of teleportation {unknown}
 g - 2 scrolls of identify {unknown}
 h - a scroll of blinking {unknown}
 i - a scroll of magic mapping {unknown}
 l - 2 scrolls of immolation {unknown}
 n - a scroll of enchant armour {unknown}
 p - a scroll of amnesia {unknown}
Potions
 k - a potion of cancellation {unknown}
 m - a potion of curing {unknown}
 o - a potion of attraction {unknown}


   Skills:
 + Level 2.5 Fighting
 + Level 2.1 Throwing
 + Level 1.2 Armour
 + Level 3.0 Dodging
 + Level 0.1 Stealth
 + Level 4.2 Unarmed Combat


You had 3 spell levels left.
You didn't know any spells.
Your spell library contained the following spells:

 Spells                   Type           Power      Damage    Failure   Level
 Apportation              Tloc           0%         N/A       58%         1
 Freeze                   Ice            0%         1d3       58%         1
 Necrotise                Necr           0%         1d4       58%         1
 Summon Small Mammal      Summ           0%         N/A       58%         1
 Frozen Ramparts          Ice            0%         1d1       91%         3
 Hailstorm                Conj/Ice       0%         3d3       100%        4
 Borgnjor's Revivificati  Necr           Unusable   N/A       N/A         8
 Necromutation            Tmut/Necr      Unusable   N/A       N/A         8
 Death's Door             Necr           Unusable   N/A       N/A         9

Dungeon Overview and Level Annotations

Branches:
Dungeon (4/15)             Temple (0/1) D:4

Altars:
Trog

Shops:
D:2 [


Innate Abilities, Weirdness & Mutations

You are immune to poison.
You have sharp fingernails.
Your flesh is cold resistant. (rC+)
You are immune to negative energy. (rN+++)
You do not regenerate when monsters are visible.
You are immune to unholy pain and torment.
You thrive by killing the living.


Message History

Done exploring.
Done exploring.
There is an open door here.
There is a stone staircase leading down here.
You climb downwards.
Found a glaive and 6 gold pieces.
Found a staircase to the Ecumenical Temple.
There is a stone staircase leading up here.
Found a book of Scorching.
You now have 197 gold pieces (gained 6).
Found 9 gold pieces.
An ogre comes into view. It is wielding a +0 giant club.
Found 11 gold pieces.
Found a stone staircase leading up.
The ogre shouts!
The ogre moves out of view.
A worm comes into view.
You see here 11 gold pieces.
You see here 9 gold pieces.
The worm closely misses you.
You scratch the worm.
The worm is moderately wounded.
You scratch the worm but do no damage.
The worm is moderately wounded.
The worm bites you but does no damage. The ogre closely misses you.
You claw the worm!
The worm is heavily wounded.
The worm bites you!
You claw the worm!
The worm is almost dead.
The ogre misses you.
You claw the worm!
You kill the worm!
You scratch the ogre.
The ogre is moderately wounded.
The ogre barely misses you.
You scratch the ogre.
The ogre is heavily wounded.
The ogre hits you with a +0 giant club!!
Ouch! That really hurt!
You die...

... #...#.#
..#...#.# #.#...#.#
#.#...#.#
#.#...#.##
#.#...#..#########.
#.#...#$.$.@.......
#.#...#.>.O........
#<.....).:.........
#.#####............
.... #<...........
###..#
#.......####. ####
##......# .......#
......#


You could see an ogre.

Vanquished Creatures
  An adder (D:3)
  A worm (D:4)
  3 dart slugs (D:2)
  4 ball pythons
  2 bats
  4 endoplasms (D:2)
  6 giant cockroaches
  2 goblins
  4 hobgoblins
  3 jackals (D:1)
  A frilled lizard (D:3)
  6 kobolds
  7 rats
44 creatures vanquished.

Notes
Turn   | Place    | Note
-------+----------+-------------------------------------------
     0 | D:1      | eddybrass the Ghoul Gladiator began the quest for the Orb.
     0 | D:1      | Reached XP level 1. HP: 17/17 MP: 0/0
   152 | D:1      | Reached XP level 2. HP: 24/24 MP: 1/1
   812 | D:2      | Found Ujaecimm's Armour Shop.
   981 | D:2      | Found a faded altar of an unknown god.
  1000 | D:2      | Reached XP level 3. HP: 27/29 MP: 2/2
  1333 | D:2      | Reached skill level 1 in Armour
  1897 | D:3      | Found a bloodstained altar of Trog.
  1914 | D:3      | Reached skill level 4 in Unarmed Combat
  2082 | D:3      | Reached XP level 4. HP: 7/37 MP: 3/3
  2652 | D:4      | Found a staircase to the Ecumenical Temple.
  2658 | D:4      | Noticed an ogre
  2671 | D:4      | Slain by an ogre

Illustrated notes

Levels and vault maps discovered:
D:1:      lightli_arrival_chessboard, layout_loops_cross,
          nicolae_concentric_dashed_squares_mild, minmay_pentomino_w2
D:2:      layout_basic, hellmonk_ecumenical_altar_run_dry, serial_shops,
          nicolae_lakefront_shop
D:3:      layout_basic, bloody_trog
D:4:      layout_basic, cheibriados_altar_1, minmay_temple_entry_offerings,
          gammafunk_ghost_necromancy, hangedman_decor_diamond_cutter, uniq_ijyb,
          uniq_sigmund

Skill      XL: |  1  2  3 |
---------------+----------+-----
Throwing       | 2 |  2.1
Dodging        | 3 |  3.0
Armour         | 1 |  1.2
Unarmed Combat | 4 |  4.2
Fighting       | |  2.5
Stealth        | |  0.1

Action                   |  1- 3 |  4- 6 || total
-------------------------+-------+-------++-------
Melee: Unarmed           |   134 |     9 ||   143
Throw: Throwing net      |     1 |       ||     1
Armor: Leather armour    |    31 |     2 ||    33
Dodge: Dodged            |    74 |     4 ||    78
